Carnivores vs Atomiques
Created - January 24, 2020 at 19:49
Goals
|
| Carnivores |
3 |
0 |
1 |
4 |
| Atomiques |
1 |
4 |
0 |
5 |
|
Shots
|
| Carnivores |
12 |
11 |
12 |
35 |
| Atomiques |
13 |
14 |
8 |
35 |
|
1st period
1. Carnivores , Blake Geoffrion 30 (Chris Lawrence 31, Scott Laughton 13) at 3:12 (PP)
2. Carnivores , Markus Granlund 12 (Mark McNeill 6, David Fischer 19) at 9:00
3. Carnivores , Chris Lawrence 13 (Blake Geoffrion 23, Scott Laughton 14) at 10:44
4. Atomiques , Chris Tierney 20 (Corey Tropp 12, Matt Tennyson 14) at 19:26
Penalties :
Bobby Farnham (STB) for Hooking (Minor) at 3:02
2nd period
5. Atomiques , Corey Tropp 8 (Brendan Lemieux 11) at 3:38
6. Atomiques , James Wright 14 (Eric Mestery 14, Dwight King 20) at 9:30
7. Atomiques , Jimmy Hayes 11 (James Wright 15, Dwight King 21) at 9:47 (PP)
8. Atomiques , Matt Tennyson 2 (Chris Tierney 24, Brendan Lemieux 12) at 14:21
Penalties :
Mat Clark (Bre) for Holding (Minor) at 9:39, Dwight King (STB) for Hooking (Minor) at 15:56, Hunter Shinkaruk (Bre) for Hooking (Minor) at 18:58
3rd period
9. Carnivores , Hunter Shinkaruk 6 (Scott Laughton 15, Blake Geoffrion 24) at 2:11
Penalties :
Jimmy Hayes (STB) for Hooking (Minor) at 2:16, Nicolas Aube-Kubel (STB) for Holding (Minor) at 12:24
Goalie Stats
Niklas Svedberg (Bre), 11 saves from 11 shots - (1.000), 24:26 minutes
Tristan Jarry (Bre), 19 saves from 24 shots - (0.792), L, 5-9-1, 34:21 minutes
Connor Hellebyuk (STB), 31 saves from 35 shots - (0.886), W, 14-10-3, 60:00 minutes
Players Stats for Carnivores
Player Name G A P +/- PIM S H SB GA TA FO MP PP MP PK MP
------------------------------------------------------------------------------------
Andreas Englund 0 0 0 0 0 0 0 4 0 1 0/0 15:09 0:00 1:40
Anton Gustafsson 0 0 0 -1 0 5 0 0 0 0 13/20 17:45 0:10 1:45
Blake Geoffrion 1 2 3 0 0 11 1 0 1 0 0/3 22:42 3:34 0:22
Chris Lawrence 1 1 2 1 0 2 1 0 1 0 0/0 7:49 0:10 0:00
Curtis Lazar 0 0 0 -1 0 0 0 0 0 0 1/3 5:57 0:00 0:00
David Fischer 0 1 1 -1 0 2 3 1 0 1 0/0 28:40 4:06 1:40
Hunter Shinkaruk 1 0 1 -1 2 1 0 0 0 0 0/0 15:55 2:31 0:00
Jeremy Welsh 0 0 0 1 0 1 0 0 0 0 0/0 14:48 2:13 0:00
Joel Armia 0 0 0 -1 0 2 2 0 1 0 0/2 16:47 2:59 0:00
Mark McNeill 0 1 1 1 0 1 2 0 0 0 0/0 14:28 0:32 0:00
Markus Granlund 1 0 1 0 0 3 0 1 0 0 12/13 17:58 2:25 0:00
Mat Clark 0 0 0 -1 2 2 2 2 1 2 0/0 21:26 2:01 0:27
Mattias Backman 0 0 0 0 0 0 0 0 0 0 0/0 13:29 0:00 0:00
Nicolas Kerdiles 0 0 0 -1 0 2 0 1 1 1 0/0 16:25 0:20 1:45
Oskar Lindblom 0 0 0 0 0 0 0 0 0 0 0/0 0:00 0:00 0:00
Riley Barber 0 0 0 -1 0 0 0 0 0 0 0/0 5:57 0:00 0:00
Scott Laughton 0 3 3 0 0 2 5 0 0 0 13/27 21:21 3:27 0:22
T.J Brodie 0 0 0 0 0 1 0 3 0 0 0/0 17:51 2:01 0:27
Tony DeAngelo 0 0 0 0 0 0 0 2 0 1 0/0 23:24 4:06 0:00
Trevor Van Riemsdyk 0 0 0 0 0 0 0 0 0 0 0/0 0:00 0:00 0:00
Players Stats for Atomiques
Player Name G A P +/- PIM S H SB GA TA FO MP PP MP PK MP
------------------------------------------------------------------------------------
Anthony Nigro 0 0 0 0 0 4 1 0 0 0 2/4 8:13 0:00 1:29
Bobby Farnham 0 0 0 0 2 0 3 1 0 0 0/0 11:35 0:00 0:00
Brendan Lemieux 0 2 2 1 0 1 5 1 0 0 0/1 15:32 0:51 0:00
Chris Tierney 1 1 2 1 0 2 0 1 1 0 7/15 17:56 0:51 2:11
Colby Cohen 0 0 0 0 0 0 3 2 0 1 0/0 14:40 0:00 2:19
Corey Tropp 1 1 2 1 0 7 1 0 0 0 1/1 15:32 0:51 0:00
Dalton Smith 0 0 0 0 0 2 0 2 0 0 0/0 13:35 0:00 1:27
Dwight King 0 2 2 0 2 4 0 0 0 1 1/1 21:01 1:16 0:46
Eric Mestery 0 1 1 0 0 0 3 1 1 1 0/0 14:40 0:00 2:19
James Wright 1 1 2 0 0 4 3 1 1 0 14/30 22:54 1:16 3:18
Jimmy Hayes 1 0 1 0 2 4 2 0 1 0 2/5 22:09 1:16 2:29
Joseph Cramarossa 0 0 0 0 0 1 1 0 0 0 0/0 6:34 0:00 0:10
Matt Tennyson 1 1 2 2 0 1 1 4 0 1 0/0 21:30 0:50 3:48
Michael Chaput 0 0 0 0 0 0 1 0 0 0 2/11 12:12 0:00 0:24
Nicolas Aube-Kubel 0 0 0 0 2 1 0 0 0 0 0/0 6:36 0:00 0:00
Samuel Morin 0 0 0 -1 0 4 0 1 1 0 0/0 28:20 1:17 3:48
Travis Sanheim 0 0 0 -1 0 0 3 2 1 1 0/0 23:50 1:17 0:00
Wiley Sherman 0 0 0 2 0 0 0 0 0 0 0/0 17:00 0:50 0:00
3 Stars
1 - Matt Tennyson (STB)
2 - Scott Laughton (Bre)
3 - Blake Geoffrion (Bre)
Power Play
Carnivores - 1 on 4 Attempt(s) - 25.00%
Atomiques - 1 on 2 Attempt(s) - 50.00%
Penalty Kill
Carnivores - 1 on 2 Attempt(s) - 50.00%
- Score 0 goal in Penalty Kill
Atomiques - 3 on 4 Attempt(s) - 75.00%
- Score 0 goal in Penalty Kill
Team Stat
Carnivores - Hits : 16 - Faceoff Wins : 39 - Blocked Shots : 14 - Penalty Minutes : 4
Atomiques - Hits : 27 - Faceoff Wins : 29 - Blocked Shots : 16 - Penalty Minutes : 8
Official
Referees : Unknown
Linesman : Unknown
Game Notes
Chris Lawrence is injured at 17:32 of 1st period (Lower Body)
Niklas Svedberg enters game at 14:21 of 2nd period
Finance
Level 1 -- Attendance: 1359 (67.95%) -- Ticket Income $54,360
Level 2 -- Attendance: 701 (70.10%) -- Ticket Income $14,020
Total Attendance: 2060 (68.67%)
Total Ticket Income: $68,380
Other Income: $3,419
Total Income: $71,799
Carnivores
5 vs 5 Forward
Center Left Wing Right Wing Time % Phy DF OF
1 Scott Laughton Blake Geoffrion Chris Lawrence 40 1 2 2
2 Anton Gustafsson Nicolas Kerdiles Joel Armia 30 1 2 2
3 Markus Granlund Jeremy Welsh Mark McNeill 20 1 2 2
4 Curtis Lazar Hunter Shinkaruk Riley Barber 10 1 2 2
5 vs 5 Defense
Defense Defense Time % Phy DF OF
1 David Fischer Tony DeAngelo 40 1 2 2
2 Mat Clark T.J Brodie 30 1 2 2
3 Andreas Englund Mattias Backman 20 1 2 2
4 David Fischer Mat Clark 10 1 2 2
PowerPlay Forward
Center Left Wing Right Wing Time % Phy DF OF
1 Scott Laughton Blake Geoffrion Chris Lawrence 60 1 2 2
2 Markus Granlund Jeremy Welsh Joel Armia 40 1 2 2
PowerPlay Defense
Defense Defense Time % Phy DF OF
1 Tony DeAngelo David Fischer 60 1 2 2
2 Mat Clark T.J Brodie 40 1 2 2
Penalty Kill 4 Players Forward
Center Wing Time % Phy DF OF
1 Anton Gustafsson Chris Lawrence 60 1 2 2
2 Markus Granlund Mark McNeill 40 1 2 2
Penalty Kill 4 Players Defense
Defense Defense Time % Phy DF OF
1 Andreas Englund David Fischer 60 1 2 2
2 Mat Clark T.J Brodie 40 1 2 2
Penalty Kill - 3 Players Forward
Forward Time % Phy DF OF
1 Blake Geoffrion 60 1 2 2
2 Anton Gustafsson 40 1 2 2
Penalty Kill - 3 Players Defense
Defense Defense Time % Phy DF OF
1 Andreas Englund David Fischer 60 1 2 2
2 Mat Clark T.J Brodie 40 1 2 2
4 vs 4 Forward
Center Wing Time % Phy DF OF
1 Anton Gustafsson Chris Lawrence 60 1 3 1
2 Markus Granlund Nicolas Kerdiles 40 1 3 1
4 vs 4 Defense
Defense Defense Time % Phy DF OF
1 Tony DeAngelo David Fischer 60 1 4 0
2 Mat Clark T.J Brodie 40 1 4 0
Last Minutes Offensive
Center Left Wing Right Wing Defense Defense
Markus Granlund Blake Geoffrion Chris Lawrence Tony DeAngelo David Fischer
Last Minutes Defensive
Center Left Wing Right Wing Defense Defense
Anton Gustafsson Nicolas Kerdiles Chris Lawrence Mat Clark David Fischer
Goaltenders
Starting : Tristan Jarry
Backup : Niklas Svedberg
Extra Forwards
Normal : Hunter Shinkaruk, Markus Granlund, Anton Gustafsson - PP : Hunter Shinkaruk, Joel Armia - PK : Nicolas Kerdiles
Extra Defensemen
Normal : Trevor Van Riemsdyk, Tony DeAngelo, Andreas Englund - PP : Trevor Van Riemsdyk - PK : Tony DeAngelo, Mattias Backman
Penalty Shots
Blake Geoffrion, Anton Gustafsson, Chris Lawrence, Jeremy Welsh, Scott Laughton
Scratches
Ryan Olsen (Healthy), Adam Almquist (Healthy), Stanislav Galiev (Healthy), Mark MacMillan (Healthy), Lucas Wallmark (Healthy)
Troy Bourke (Healthy), Alexandre Mallet (Healthy), Josh Wesley (Healthy), Linus Ullmark (Healthy)
Atomiques
5 vs 5 Forward
Center Left Wing Right Wing Time % Phy DF OF
1 James Wright Dwight King Jimmy Hayes 40 1 2 2
2 Chris Tierney Brendan Lemieux Corey Tropp 30 1 2 2
3 Michael Chaput Dalton Smith Bobby Farnham 20 1 2 2
4 Anthony Nigro Joseph Cramarossa Nicolas Aube-Kubel 10 1 2 2
5 vs 5 Defense
Defense Defense Time % Phy DF OF
1 Travis Sanheim Samuel Morin 40 1 2 2
2 Matt Tennyson Wiley Sherman 30 1 2 2
3 Colby Cohen Eric Mestery 20 1 2 2
4 Travis Sanheim Samuel Morin 10 1 2 2
PowerPlay Forward
Center Left Wing Right Wing Time % Phy DF OF
1 James Wright Dwight King Jimmy Hayes 60 1 2 2
2 Chris Tierney Brendan Lemieux Corey Tropp 40 1 2 2
PowerPlay Defense
Defense Defense Time % Phy DF OF
1 Travis Sanheim Samuel Morin 60 1 2 2
2 Matt Tennyson Wiley Sherman 40 1 2 2
Penalty Kill 4 Players Forward
Center Wing Time % Phy DF OF
1 Jimmy Hayes James Wright 60 1 2 2
2 Dwight King Chris Tierney 40 1 2 2
Penalty Kill 4 Players Defense
Defense Defense Time % Phy DF OF
1 Matt Tennyson Samuel Morin 60 1 2 2
2 Colby Cohen Eric Mestery 40 1 2 2
Penalty Kill - 3 Players Forward
Forward Time % Phy DF OF
1 Jimmy Hayes 60 1 2 2
2 James Wright 40 1 2 2
Penalty Kill - 3 Players Defense
Defense Defense Time % Phy DF OF
1 Colby Cohen Samuel Morin 60 1 2 2
2 Colby Cohen Eric Mestery 40 1 2 2
4 vs 4 Forward
Center Wing Time % Phy DF OF
1 Jimmy Hayes James Wright 60 1 2 2
2 Dwight King Chris Tierney 40 1 2 2
4 vs 4 Defense
Defense Defense Time % Phy DF OF
1 Travis Sanheim Samuel Morin 60 1 2 2
2 Matt Tennyson Wiley Sherman 40 1 2 2
Last Minutes Offensive
Center Left Wing Right Wing Defense Defense
James Wright Dwight King Jimmy Hayes Travis Sanheim Samuel Morin
Last Minutes Defensive
Center Left Wing Right Wing Defense Defense
James Wright Dwight King Jimmy Hayes Matt Tennyson Samuel Morin
Goaltenders
Starting : Connor Hellebyuk
Backup : Thatcher Demko
Extra Forwards
Normal : Michael Chaput, Bobby Farnham, Anthony Nigro - PP : Michael Chaput, Bobby Farnham - PK : Anthony Nigro
Extra Defensemen
Normal : Eric Mestery, Travis Sanheim, Colby Cohen - PP : Eric Mestery - PK : Travis Sanheim, Colby Cohen
Penalty Shots
Jimmy Hayes, James Wright, Dwight King, Chris Tierney, Corey Tropp
Scratches
Mike Halmo (Healthy), Freddie Hamilton (Healthy), Max McCormick (Healthy), Connor Clifton (Healthy), Carl Dahlstrom (Healthy)
Axel Holmstrom (Healthy), Keegan Iverson (Healthy), Andrew Hammond (Healthy)
% Time on Ice - Carnivores
Lines # - Real PCT - Wanted PCT - Time Play
Normal Forward
1 - 35% - 40% - 17:46
2 - 28% - 30% - 14:16
3 - 25% - 20% - 12:33
4 - 12% - 10% - 5:57
Normal Defense
1 - 36% - 40% - 18:04
2 - 30% - 30% - 15:23
3 - 27% - 20% - 13:29
4 - 7% - 10% - 3:36
PP Forward
1 - 64% - 60% - 3:54
2 - 36% - 40% - 2:13
PP Defense
1 - 67% - 60% - 4:06
2 - 33% - 40% - 2:01
PK Forward
1 - 100% - 60% - 2:07
2 - 0% - 40% - 0:00
PK Defense
1 - 79% - 60% - 1:40
2 - 21% - 40% - 0:27
PK3 Forward
1 - 0% - 60%
2 - 0% - 40%
PK3 Defense
1 - 0% - 60%
2 - 0% - 40%
44 Forward
1 - 0% - 60%
2 - 0% - 40%
44 Defense
1 - 0% - 60%
2 - 0% - 40%
Last Minute Offensive - 1:14
Last Minute Defensive - 0:00
Total
Forward - 60:00
Defense - 60:00
|
% Time on Ice - Atomiques
Lines # - Real PCT - Wanted PCT - Time Play
Normal Forward
1 - 35% - 40% - 17:56
2 - 29% - 30% - 14:54
3 - 23% - 20% - 11:36
4 - 13% - 10% - 6:24
Normal Defense
1 - 40% - 40% - 20:20
2 - 33% - 30% - 16:56
3 - 22% - 20% - 11:03
4 - 5% - 10% - 2:31
PP Forward
1 - 60% - 60% - 1:16
2 - 40% - 40% - 0:51
PP Defense
1 - 61% - 60% - 1:17
2 - 39% - 40% - 0:50
PK Forward
1 - 83% - 60% - 5:06
2 - 17% - 40% - 1:01
PK Defense
1 - 62% - 60% - 3:48
2 - 38% - 40% - 2:19
PK3 Forward
1 - 0% - 60%
2 - 0% - 40%
PK3 Defense
1 - 0% - 60%
2 - 0% - 40%
44 Forward
1 - 0% - 60%
2 - 0% - 40%
44 Defense
1 - 0% - 60%
2 - 0% - 40%
Last Minute Offensive - 0:00
Last Minute Defensive - 0:56
Total
Forward - 60:00
Defense - 60:00
|
Play-by-Play
1st period
0:01 of 1st period - Scott Laughton wins face-off versus James Wright in neutral zone.
0:08 of 1st period - Slapshot by Chris Lawrence.
0:08 of 1st period - Stopped by Connor Hellebyuk with a rebound.
0:38 of 1st period - Slapshot by Corey Tropp.
0:38 of 1st period - Stopped by Tristan Jarry with a rebound.
0:49 of 1st period - Off-side.
0:50 of 1st period - Markus Granlund wins face-off versus Michael Chaput in neutral zone.
1:15 of 1st period - Matt Tennyson is hit by Chris Lawrence.
1:57 of 1st period - Snap shot by Brendan Lemieux.
1:57 of 1st period - Stopped by Tristan Jarry with a rebound.
2:05 of 1st period - Backhand shot by Nicolas Kerdiles.
2:05 of 1st period - Deflect By Anton Gustafsson.
2:05 of 1st period - Shot Misses the Net.
2:05 of 1st period - Puck is out of play.
2:06 of 1st period - James Wright wins face-off versus Scott Laughton in Atomiques zone.
2:40 of 1st period - Slapshot by Travis Sanheim.
2:40 of 1st period - Shot Misses the Net.
3:00 of 1st period - Snap shot by Nicolas Kerdiles.
3:00 of 1st period - Deflect By Joel Armia.
3:00 of 1st period - Stopped by Connor Hellebyuk with a rebound.
3:02 of 1st period - Minor Penalty to Bobby Farnham for Hooking.
3:03 of 1st period - Scott Laughton wins face-off versus Jimmy Hayes in Atomiques zone.
3:12 of 1st period - Slapshot by Blake Geoffrion.
3:12 of 1st period - Goal by Blake Geoffrion - Carnivores : 1 - Atomiques : 0.
3:13 of 1st period - James Wright wins face-off versus Scott Laughton in neutral zone.
4:26 of 1st period - Snap shot by Blake Geoffrion.
4:26 of 1st period - Stopped by Connor Hellebyuk with a rebound.
5:07 of 1st period - Slapshot by Joel Armia.
5:07 of 1st period - Shot Misses the Net.
5:13 of 1st period - Joel Armia is hit by Colby Cohen and loses puck.
5:50 of 1st period - Off-side.
5:51 of 1st period - Michael Chaput wins face-off versus Joel Armia in neutral zone.
5:54 of 1st period - Joel Armia is hit by Bobby Farnham and loses puck.
6:17 of 1st period - Mat Clark is hit by Eric Mestery and loses puck.
7:21 of 1st period - Joel Armia is hit by James Wright and loses puck.
7:38 of 1st period - Bobby Farnham is hit by Scott Laughton and loses puck.
7:50 of 1st period - Scott Laughton is hit by Matt Tennyson and loses puck.
8:04 of 1st period - Off-side.
8:05 of 1st period - Anton Gustafsson wins face-off versus Anthony Nigro in neutral zone.
8:17 of 1st period - Slapshot by Travis Sanheim.
8:17 of 1st period - Shot Misses the Net.
9:00 of 1st period - Snap shot by Markus Granlund.
9:00 of 1st period - Goal by Markus Granlund - Carnivores : 2 - Atomiques : 0.
9:01 of 1st period - Chris Tierney wins face-off versus Scott Laughton in neutral zone.
9:09 of 1st period - Mat Clark is hit by Brendan Lemieux and loses puck.
9:26 of 1st period - James Wright is hit by Mat Clark and loses puck.
9:31 of 1st period - Snap shot by Nicolas Kerdiles.
9:31 of 1st period - Shot Misses the Net.
9:33 of 1st period - Snap shot by Joel Armia.
9:33 of 1st period - Deflect By Anton Gustafsson.
9:33 of 1st period - Stopped by Connor Hellebyuk without a rebound.
9:34 of 1st period - Anton Gustafsson wins face-off versus Chris Tierney in Atomiques zone.
10:09 of 1st period - Scott Laughton is hit by James Wright and loses puck.
10:24 of 1st period - Wrist shot by Dalton Smith.
10:24 of 1st period - Shot Misses the Net.
10:26 of 1st period - Snap shot by Dalton Smith.
10:26 of 1st period - Shot Misses the Net.
10:28 of 1st period - Slapshot by Samuel Morin.
10:28 of 1st period - Stopped by Tristan Jarry without a rebound.
10:29 of 1st period - Corey Tropp wins face-off versus Scott Laughton in Carnivores zone.
10:34 of 1st period - Backhand shot by Corey Tropp.
10:34 of 1st period - Shot Misses the Net.
10:44 of 1st period - Backhand shot by Chris Lawrence.
10:44 of 1st period - Goal by Chris Lawrence - Carnivores : 3 - Atomiques : 0.
10:45 of 1st period - James Wright wins face-off versus Scott Laughton in neutral zone.
10:54 of 1st period - Snap shot by James Wright.
10:54 of 1st period - Deflect By Jimmy Hayes.
10:54 of 1st period - Shot Blocked by David Fischer.
10:54 of 1st period - Puck is out of play.
10:55 of 1st period - Scott Laughton wins face-off versus James Wright in Carnivores zone.
10:55 of 1st period - Scott Laughton is hit by Jimmy Hayes.
11:15 of 1st period - Wrist shot by Dwight King.
11:15 of 1st period - Stopped by Tristan Jarry with a rebound.
11:17 of 1st period - Wrist shot by Jimmy Hayes.
11:17 of 1st period - Shot Misses the Net.
11:19 of 1st period - Snap shot by Jimmy Hayes.
11:19 of 1st period - Shot Misses the Net.
11:32 of 1st period - Off-side.
11:33 of 1st period - Chris Tierney wins face-off versus Anton Gustafsson in neutral zone.
11:36 of 1st period - Snap shot by Corey Tropp.
11:36 of 1st period - Stopped by Tristan Jarry with a rebound.
11:38 of 1st period - Snap shot by Corey Tropp.
11:38 of 1st period - Shot Blocked by Mat Clark.
11:40 of 1st period - Slapshot by Matt Tennyson.
11:40 of 1st period - Shot Misses the Net.
11:42 of 1st period - Snap shot by Chris Tierney.
11:42 of 1st period - Deflect By Corey Tropp.
11:42 of 1st period - Stopped by Tristan Jarry without a rebound.
11:43 of 1st period - Anton Gustafsson wins face-off versus Chris Tierney in Carnivores zone.
11:43 of 1st period - Anton Gustafsson is hit by Brendan Lemieux.
11:53 of 1st period - Wrist shot by Corey Tropp.
11:53 of 1st period - Shot Misses the Net.
11:55 of 1st period - Snap shot by Corey Tropp.
11:55 of 1st period - Stopped by Tristan Jarry with a rebound.
11:57 of 1st period - Slapshot by Chris Tierney.
11:57 of 1st period - Shot Misses the Net.
11:59 of 1st period - Snap shot by Corey Tropp.
11:59 of 1st period - Shot Misses the Net.
12:01 of 1st period - Snap shot by Corey Tropp.
12:01 of 1st period - Shot Blocked by T.J Brodie.
12:03 of 1st period - Snap shot by Matt Tennyson.
12:03 of 1st period - Shot Blocked by T.J Brodie.
12:05 of 1st period - Slapshot by Matt Tennyson.
12:05 of 1st period - Deflect By Corey Tropp.
12:05 of 1st period - Stopped by Tristan Jarry with a rebound.
12:22 of 1st period - Wrist shot by Corey Tropp.
12:22 of 1st period - Deflect By Brendan Lemieux.
12:22 of 1st period - Shot Misses the Net.
12:22 of 1st period - Puck is out of play.
12:23 of 1st period - James Wright wins face-off versus Scott Laughton in Carnivores zone.
12:26 of 1st period - Wrist shot by Jimmy Hayes.
12:26 of 1st period - Stopped by Tristan Jarry with a rebound.
12:38 of 1st period - Slapshot by Dwight King.
12:38 of 1st period - Stopped by Tristan Jarry with a rebound.
12:48 of 1st period - Chris Lawrence is hit by Joseph Cramarossa and loses puck.
13:11 of 1st period - David Fischer is hit by Michael Chaput and loses puck.
13:32 of 1st period - Snap shot by Chris Lawrence.
13:32 of 1st period - Shot Blocked by James Wright.
15:06 of 1st period - Wrist shot by James Wright.
15:06 of 1st period - Stopped by Tristan Jarry without a rebound.
15:07 of 1st period - Anton Gustafsson wins face-off versus Chris Tierney in Carnivores zone.
16:05 of 1st period - Snap shot by Corey Tropp.
16:05 of 1st period - Shot Misses the Net.
16:30 of 1st period - Blake Geoffrion is hit by Brendan Lemieux and loses puck.
16:44 of 1st period - Brendan Lemieux is hit by Blake Geoffrion and loses puck.
16:53 of 1st period - Slapshot by Blake Geoffrion.
16:53 of 1st period - Stopped by Connor Hellebyuk with a rebound.
16:55 of 1st period - Slapshot by Mat Clark.
16:55 of 1st period - Shot Misses the Net.
16:57 of 1st period - Slapshot by David Fischer.
16:57 of 1st period - Stopped by Connor Hellebyuk with a rebound.
17:14 of 1st period - Colby Cohen is hit by Scott Laughton and loses puck.
17:31 of 1st period - Chris Lawrence is hit by Corey Tropp and loses puck.
17:32 of 1st period - Chris Lawrence from Carnivores is injured at 17:32 of 1st period (Lower Body).
17:33 of 1st period - James Wright wins face-off versus Anton Gustafsson in Carnivores zone.
18:06 of 1st period - Wrist shot by Jeremy Welsh.
18:06 of 1st period - Stopped by Connor Hellebyuk without a rebound.
18:07 of 1st period - Markus Granlund wins face-off versus James Wright in Atomiques zone.
18:14 of 1st period - Backhand shot by Jimmy Hayes.
18:14 of 1st period - Shot Misses the Net.
18:40 of 1st period - Snap shot by Anton Gustafsson.
18:40 of 1st period - Shot Misses the Net.
19:24 of 1st period - Wrist shot by Corey Tropp.
19:24 of 1st period - Deflect By Chris Tierney.
19:24 of 1st period - Stopped by Tristan Jarry with a rebound.
19:26 of 1st period - Slapshot by Chris Tierney.
19:26 of 1st period - Goal by Chris Tierney - Carnivores : 3 - Atomiques : 1.
19:27 of 1st period - Anton Gustafsson wins face-off versus James Wright in neutral zone.
19:29 of 1st period - Mat Clark is hit by Travis Sanheim and loses puck.
19:38 of 1st period - Snap shot by Joel Armia.
19:38 of 1st period - Shot Blocked by Samuel Morin.
19:40 of 1st period - Slapshot by Anton Gustafsson.
19:40 of 1st period - Shot Misses the Net.
19:56 of 1st period - Slapshot by Scott Laughton.
19:56 of 1st period - Stopped by Connor Hellebyuk without a rebound.
19:57 of 1st period - Scott Laughton wins face-off versus Michael Chaput in Atomiques zone.
19:58 of 1st period - Slapshot by Blake Geoffrion.
19:58 of 1st period - Stopped by Connor Hellebyuk without a rebound.
19:59 of 1st period - Scott Laughton wins face-off versus Michael Chaput in Atomiques zone.
Goals for this period are 3 for Carnivores vs 1 for Atomiques.
Shots for this period are 12 for Carnivores vs 13 for Atomiques.
2nd period
0:01 of 2nd period - Anton Gustafsson wins face-off versus James Wright in neutral zone.
0:06 of 2nd period - Wrist shot by Anton Gustafsson.
0:06 of 2nd period - Shot Misses the Net.
0:32 of 2nd period - Wrist shot by Anthony Nigro.
0:32 of 2nd period - Stopped by Tristan Jarry with a rebound.
0:34 of 2nd period - Wrist shot by Nicolas Aube-Kubel.
0:34 of 2nd period - Stopped by Tristan Jarry without a rebound.
0:35 of 2nd period - Markus Granlund wins face-off versus Michael Chaput in Carnivores zone.
0:41 of 2nd period - Off-side.
0:42 of 2nd period - Markus Granlund wins face-off versus Michael Chaput in neutral zone.
1:29 of 2nd period - Slapshot by Michael Chaput.
1:29 of 2nd period - Shot Blocked by Mat Clark.
2:04 of 2nd period - Slapshot by Mat Clark.
2:04 of 2nd period - Stopped by Connor Hellebyuk with a rebound.
2:06 of 2nd period - Slapshot by T.J Brodie.
2:06 of 2nd period - Shot Misses the Net.
2:22 of 2nd period - Slapshot by Markus Granlund.
2:22 of 2nd period - Shot Misses the Net.
2:24 of 2nd period - Slapshot by T.J Brodie.
2:24 of 2nd period - Deflect By Bobby Farnham.
2:24 of 2nd period - Stopped by Connor Hellebyuk without a rebound.
2:25 of 2nd period - James Wright wins face-off versus Scott Laughton in Atomiques zone.
2:38 of 2nd period - Slapshot by Jimmy Hayes.
2:38 of 2nd period - Deflect By James Wright.
2:38 of 2nd period - Shot Misses the Net.
2:38 of 2nd period - Puck is out of play.
2:39 of 2nd period - Anton Gustafsson wins face-off versus James Wright in Carnivores zone.
2:39 of 2nd period - Anton Gustafsson is hit by Jimmy Hayes.
2:51 of 2nd period - Snap shot by Anton Gustafsson.
2:51 of 2nd period - Deflect By Nicolas Kerdiles.
2:51 of 2nd period - Stopped by Connor Hellebyuk with a rebound.
3:01 of 2nd period - Nicolas Kerdiles is hit by Eric Mestery.
3:17 of 2nd period - Snap shot by Scott Laughton.
3:17 of 2nd period - Deflect By Blake Geoffrion.
3:17 of 2nd period - Shot Blocked by Brendan Lemieux.
3:17 of 2nd period - Puck is out of play.
3:18 of 2nd period - Scott Laughton wins face-off versus Brendan Lemieux in Atomiques zone.
3:33 of 2nd period - Mattias Backman is hit by Brendan Lemieux and loses puck.
3:38 of 2nd period - Wrist shot by Corey Tropp.
3:38 of 2nd period - Goal by Corey Tropp - Carnivores : 3 - Atomiques : 2.
3:39 of 2nd period - Scott Laughton wins face-off versus James Wright in neutral zone.
4:20 of 2nd period - Wrist shot by Jimmy Hayes.
4:20 of 2nd period - Stopped by Tristan Jarry with a rebound.
4:32 of 2nd period - Wrist shot by James Wright.
4:32 of 2nd period - Shot Misses the Net.
4:36 of 2nd period - Snap shot by Dwight King.
4:36 of 2nd period - Deflect By Tony DeAngelo.
4:36 of 2nd period - Stopped by Tristan Jarry without a rebound.
4:37 of 2nd period - Chris Tierney wins face-off versus Blake Geoffrion in Carnivores zone.
5:02 of 2nd period - Slapshot by Dalton Smith.
5:02 of 2nd period - Stopped by Tristan Jarry with a rebound.
5:36 of 2nd period - Slapshot by Blake Geoffrion.
5:36 of 2nd period - Stopped by Connor Hellebyuk with a rebound.
5:38 of 2nd period - Slapshot by T.J Brodie.
5:38 of 2nd period - Shot Blocked by Matt Tennyson.
5:50 of 2nd period - Snap shot by Blake Geoffrion.
5:50 of 2nd period - Deflect By Scott Laughton.
5:50 of 2nd period - Shot Misses the Net.
5:50 of 2nd period - Puck is out of play.
5:51 of 2nd period - Anton Gustafsson wins face-off versus Chris Tierney in Atomiques zone.
5:52 of 2nd period - Snap shot by Joel Armia.
5:52 of 2nd period - Shot Misses the Net.
6:06 of 2nd period - Wrist shot by Corey Tropp.
6:06 of 2nd period - Deflect By Brendan Lemieux.
6:06 of 2nd period - Shot Blocked by Tony DeAngelo.
6:06 of 2nd period - Puck is out of play.
6:07 of 2nd period - Markus Granlund wins face-off versus James Wright in Carnivores zone.
6:07 of 2nd period - Markus Granlund is hit by James Wright.
6:39 of 2nd period - Snap shot by Anton Gustafsson.
6:39 of 2nd period - Stopped by Connor Hellebyuk with a rebound.
6:53 of 2nd period - Eric Mestery is hit by David Fischer and loses puck.
7:12 of 2nd period - Mark McNeill is hit by Eric Mestery and loses puck.
7:19 of 2nd period - Colby Cohen is hit by Mark McNeill and loses puck.
8:42 of 2nd period - Wrist shot by Dwight King.
8:42 of 2nd period - Stopped by Tristan Jarry without a rebound.
8:43 of 2nd period - Markus Granlund wins face-off versus James Wright in Carnivores zone.
8:58 of 2nd period - Icing by Dwight King.
8:59 of 2nd period - Anton Gustafsson wins face-off versus James Wright in Atomiques zone.
9:20 of 2nd period - Slapshot by Dwight King.
9:20 of 2nd period - Shot Misses the Net.
9:28 of 2nd period - Wrist shot by James Wright.
9:28 of 2nd period - Stopped by Tristan Jarry with a rebound.
9:30 of 2nd period - Slapshot by James Wright.
9:30 of 2nd period - Goal by James Wright - Carnivores : 3 - Atomiques : 3.
9:31 of 2nd period - Chris Tierney wins face-off versus Scott Laughton in neutral zone.
9:39 of 2nd period - Minor Penalty to Mat Clark for Holding.
9:40 of 2nd period - James Wright wins face-off versus Anton Gustafsson in Carnivores zone.
9:47 of 2nd period - Snap shot by Jimmy Hayes.
9:47 of 2nd period - Goal by Jimmy Hayes - Carnivores : 3 - Atomiques : 4.
9:48 of 2nd period - James Wright wins face-off versus Scott Laughton in neutral zone.
9:50 of 2nd period - Off-side.
9:51 of 2nd period - James Wright wins face-off versus Scott Laughton in neutral zone.
9:58 of 2nd period - Backhand shot by James Wright.
9:58 of 2nd period - Shot Blocked by Tony DeAngelo.
10:57 of 2nd period - Snap shot by Scott Laughton.
10:57 of 2nd period - Shot Blocked by Dalton Smith.
11:03 of 2nd period - Mat Clark is hit by Bobby Farnham and loses puck.
11:12 of 2nd period - Wrist shot by Michael Chaput.
11:12 of 2nd period - Shot Misses the Net.
11:14 of 2nd period - Snap shot by Michael Chaput.
11:14 of 2nd period - Shot Misses the Net.
11:16 of 2nd period - Snap shot by Eric Mestery.
11:16 of 2nd period - Shot Blocked by T.J Brodie.
11:18 of 2nd period - Slapshot by Eric Mestery.
11:18 of 2nd period - Deflect By Michael Chaput.
11:18 of 2nd period - Shot Misses the Net.
11:18 of 2nd period - Puck is out of play.
11:19 of 2nd period - Anton Gustafsson wins face-off versus James Wright in Carnivores zone.
12:07 of 2nd period - Snap shot by Blake Geoffrion.
12:07 of 2nd period - Stopped by Connor Hellebyuk without a rebound.
12:08 of 2nd period - Scott Laughton wins face-off versus Jimmy Hayes in Atomiques zone.
12:29 of 2nd period - Wrist shot by Blake Geoffrion.
12:29 of 2nd period - Deflect By Dwight King.
12:29 of 2nd period - Shot Misses the Net.
12:29 of 2nd period - Puck is out of play.
12:30 of 2nd period - Anton Gustafsson wins face-off versus Chris Tierney in Atomiques zone.
12:55 of 2nd period - Travis Sanheim is hit by Scott Laughton and loses puck.
13:13 of 2nd period - Off-side.
13:14 of 2nd period - Markus Granlund wins face-off versus Michael Chaput in neutral zone.
13:26 of 2nd period - Snap shot by Markus Granlund.
13:26 of 2nd period - Stopped by Connor Hellebyuk with a rebound.
13:28 of 2nd period - Snap shot by Mat Clark.
13:28 of 2nd period - Stopped by Connor Hellebyuk with a rebound.
13:44 of 2nd period - Snap shot by Anton Gustafsson.
13:44 of 2nd period - Stopped by Connor Hellebyuk with a rebound.
14:06 of 2nd period - Off-side.
14:07 of 2nd period - Chris Tierney wins face-off versus Curtis Lazar in neutral zone.
14:19 of 2nd period - Wrist shot by Chris Tierney.
14:19 of 2nd period - Shot Misses the Net.
14:21 of 2nd period - Wrist shot by Matt Tennyson.
14:21 of 2nd period - Deflect By Tony DeAngelo.
14:21 of 2nd period - Goal by Matt Tennyson - Carnivores : 3 - Atomiques : 5.
14:21 of 2nd period - Niklas Svedberg enters game.
14:22 of 2nd period - James Wright wins face-off versus Blake Geoffrion in neutral zone.
14:27 of 2nd period - Wrist shot by Jimmy Hayes.
14:27 of 2nd period - Shot Misses the Net.
14:29 of 2nd period - Snap shot by Jimmy Hayes.
14:29 of 2nd period - Stopped by Niklas Svedberg without a rebound.
14:30 of 2nd period - Scott Laughton wins face-off versus James Wright in Carnivores zone.
15:15 of 2nd period - Slapshot by Samuel Morin.
15:15 of 2nd period - Stopped by Niklas Svedberg without a rebound.
15:16 of 2nd period - Anthony Nigro wins face-off versus Markus Granlund in Carnivores zone.
15:50 of 2nd period - Slapshot by David Fischer.
15:50 of 2nd period - Shot Misses the Net.
15:56 of 2nd period - Minor Penalty to Dwight King for Hooking.
15:57 of 2nd period - Jimmy Hayes wins face-off versus Scott Laughton in Atomiques zone.
16:23 of 2nd period - Icing by Tony DeAngelo.
16:24 of 2nd period - Markus Granlund wins face-off versus Jimmy Hayes in Carnivores zone.
16:49 of 2nd period - Slapshot by Blake Geoffrion.
16:49 of 2nd period - Shot Misses the Net.
17:05 of 2nd period - Wrist shot by Markus Granlund.
17:05 of 2nd period - Stopped by Connor Hellebyuk with a rebound.
17:56 of 2nd period - Penalty to Dwight King is over, Dwight King is back on ice.
18:08 of 2nd period - Wrist shot by Anton Gustafsson.
18:08 of 2nd period - Stopped by Connor Hellebyuk with a rebound.
18:10 of 2nd period - Snap shot by Anton Gustafsson.
18:10 of 2nd period - Shot Misses the Net.
18:12 of 2nd period - Slapshot by Andreas Englund.
18:12 of 2nd period - Shot Blocked by Colby Cohen.
18:14 of 2nd period - Wrist shot by Mark McNeill.
18:14 of 2nd period - Shot Misses the Net.
18:58 of 2nd period - Minor Penalty to Hunter Shinkaruk for Hooking.
18:59 of 2nd period - James Wright wins face-off versus Anton Gustafsson in Carnivores zone.
19:02 of 2nd period - Wrist shot by Jimmy Hayes.
19:02 of 2nd period - Shot Misses the Net.
19:04 of 2nd period - Snap shot by Samuel Morin.
19:04 of 2nd period - Stopped by Niklas Svedberg with a rebound.
19:06 of 2nd period - Slapshot by Samuel Morin.
19:06 of 2nd period - Shot Blocked by Andreas Englund.
19:50 of 2nd period - Snap shot by Scott Laughton.
19:50 of 2nd period - Shot Blocked by Matt Tennyson.
Goals for this period are 0 for Carnivores vs 4 for Atomiques.
Shots for this period are 11 for Carnivores vs 14 for Atomiques.
3rd period
0:01 of 3rd period - James Wright wins face-off versus Anton Gustafsson in neutral zone.
0:03 of 3rd period - Off-side.
0:04 of 3rd period - James Wright wins face-off versus Anton Gustafsson in neutral zone.
0:30 of 3rd period - Icing by Brendan Lemieux.
0:31 of 3rd period - Chris Tierney wins face-off versus Anton Gustafsson in Atomiques zone.
0:58 of 3rd period - Penalty to Hunter Shinkaruk is over, Hunter Shinkaruk is back on ice.
1:10 of 3rd period - Slapshot by Mat Clark.
1:10 of 3rd period - Shot Blocked by Matt Tennyson.
1:12 of 3rd period - Slapshot by T.J Brodie.
1:12 of 3rd period - Shot Blocked by Matt Tennyson.
1:14 of 3rd period - Wrist shot by Scott Laughton.
1:14 of 3rd period - Stopped by Connor Hellebyuk with a rebound.
1:16 of 3rd period - Snap shot by Mat Clark.
1:16 of 3rd period - Shot Misses the Net.
1:22 of 3rd period - Wrist shot by Blake Geoffrion.
1:22 of 3rd period - Shot Hit the Post.
1:24 of 3rd period - Wrist shot by Blake Geoffrion.
1:24 of 3rd period - Stopped by Connor Hellebyuk without a rebound.
1:25 of 3rd period - Markus Granlund wins face-off versus James Wright in Atomiques zone.
1:32 of 3rd period - Slapshot by Travis Sanheim.
1:32 of 3rd period - Shot Blocked by Markus Granlund.
1:50 of 3rd period - David Fischer is hit by Brendan Lemieux and loses puck.
1:55 of 3rd period - Snap shot by Corey Tropp.
1:55 of 3rd period - Deflect By David Fischer.
1:55 of 3rd period - Stopped by Niklas Svedberg without a rebound.
1:56 of 3rd period - Scott Laughton wins face-off versus Chris Tierney in Carnivores zone.
2:01 of 3rd period - Wrist shot by Scott Laughton.
2:01 of 3rd period - Shot Blocked by Eric Mestery.
2:07 of 3rd period - Snap shot by Scott Laughton.
2:07 of 3rd period - Shot Misses the Net.
2:09 of 3rd period - Wrist shot by Scott Laughton.
2:09 of 3rd period - Shot Blocked by Chris Tierney.
2:11 of 3rd period - Snap shot by Hunter Shinkaruk.
2:11 of 3rd period - Goal by Hunter Shinkaruk - Carnivores : 4 - Atomiques : 5.
2:12 of 3rd period - James Wright wins face-off versus Scott Laughton in neutral zone.
2:16 of 3rd period - Minor Penalty to Jimmy Hayes for Hooking.
2:17 of 3rd period - Anthony Nigro wins face-off versus Scott Laughton in Atomiques zone.
2:47 of 3rd period - Markus Granlund is hit by Anthony Nigro and loses puck.
3:32 of 3rd period - Dalton Smith is hit by Scott Laughton and loses puck.
3:55 of 3rd period - Blake Geoffrion is hit by Colby Cohen and loses puck.
4:16 of 3rd period - Penalty to Jimmy Hayes is over, Jimmy Hayes is back on ice.
4:26 of 3rd period - Snap shot by Joseph Cramarossa.
4:26 of 3rd period - Deflect By Anthony Nigro.
4:26 of 3rd period - Stopped by Niklas Svedberg with a rebound.
4:28 of 3rd period - Snap shot by Joseph Cramarossa.
4:28 of 3rd period - Shot Misses the Net.
4:30 of 3rd period - Wrist shot by Anthony Nigro.
4:30 of 3rd period - Shot Blocked by Andreas Englund.
4:40 of 3rd period - Chris Tierney is hit by Joel Armia.
4:54 of 3rd period - Snap shot by Jimmy Hayes.
4:54 of 3rd period - Shot Misses the Net.
6:17 of 3rd period - Blake Geoffrion is hit by Travis Sanheim.
6:43 of 3rd period - Brendan Lemieux is hit by Joel Armia.
6:59 of 3rd period - Dalton Smith is hit by Mark McNeill.
7:19 of 3rd period - Slapshot by Travis Sanheim.
7:19 of 3rd period - Deflect By Anthony Nigro.
7:19 of 3rd period - Stopped by Niklas Svedberg with a rebound.
7:43 of 3rd period - Mattias Backman is hit by Travis Sanheim and loses puck.
7:50 of 3rd period - Chris Tierney is hit by David Fischer and loses puck.
8:11 of 3rd period - Scott Laughton is hit by Colby Cohen and loses puck.
9:51 of 3rd period - Snap shot by Mark McNeill.
9:51 of 3rd period - Stopped by Connor Hellebyuk with a rebound.
9:53 of 3rd period - Slapshot by Mat Clark.
9:53 of 3rd period - Shot Misses the Net.
9:55 of 3rd period - Snap shot by Jeremy Welsh.
9:55 of 3rd period - Shot Misses the Net.
10:57 of 3rd period - Wrist shot by James Wright.
10:57 of 3rd period - Shot Misses the Net.
10:59 of 3rd period - Wrist shot by Dwight King.
10:59 of 3rd period - Deflect By Jimmy Hayes.
10:59 of 3rd period - Shot Misses the Net.
10:59 of 3rd period - Puck is out of play.
11:00 of 3rd period - Scott Laughton wins face-off versus Chris Tierney in Carnivores zone.
11:28 of 3rd period - Wrist shot by Bobby Farnham.
11:28 of 3rd period - Shot Blocked by Andreas Englund.
11:30 of 3rd period - Snap shot by Bobby Farnham.
11:30 of 3rd period - Shot Blocked by Nicolas Kerdiles.
11:32 of 3rd period - Slapshot by Colby Cohen.
11:32 of 3rd period - Deflect By Michael Chaput.
11:32 of 3rd period - Shot Hit the Post.
11:32 of 3rd period - Puck is out of play.
11:33 of 3rd period - Anton Gustafsson wins face-off versus Michael Chaput in Carnivores zone.
11:38 of 3rd period - Wrist shot by Nicolas Kerdiles.
11:38 of 3rd period - Shot Blocked by Travis Sanheim.
11:54 of 3rd period - Wrist shot by Nicolas Kerdiles.
11:54 of 3rd period - Shot Misses the Net.
12:15 of 3rd period - Wrist shot by Joel Armia.
12:15 of 3rd period - Stopped by Connor Hellebyuk without a rebound.
12:16 of 3rd period - Scott Laughton wins face-off versus Anthony Nigro in Atomiques zone.
12:24 of 3rd period - Minor Penalty to Nicolas Aube-Kubel for Holding.
12:25 of 3rd period - Jimmy Hayes wins face-off versus Blake Geoffrion in Atomiques zone.
12:25 of 3rd period - Jimmy Hayes is hit by David Fischer.
12:42 of 3rd period - Samuel Morin is hit by Scott Laughton.
12:56 of 3rd period - Backhand shot by Samuel Morin.
12:56 of 3rd period - Stopped by Niklas Svedberg without a rebound.
12:57 of 3rd period - Dwight King wins face-off versus Joel Armia in Carnivores zone.
14:22 of 3rd period - Snap shot by Nicolas Kerdiles.
14:22 of 3rd period - Stopped by Connor Hellebyuk with a rebound.
14:24 of 3rd period - Penalty to Nicolas Aube-Kubel is over, Nicolas Aube-Kubel is back on ice.
14:48 of 3rd period - Slapshot by Michael Chaput.
14:48 of 3rd period - Shot Blocked by Andreas Englund.
15:09 of 3rd period - Slapshot by Anthony Nigro.
15:09 of 3rd period - Stopped by Niklas Svedberg with a rebound.
15:11 of 3rd period - Snap shot by Joseph Cramarossa.
15:11 of 3rd period - Stopped by Niklas Svedberg without a rebound.
15:12 of 3rd period - Scott Laughton wins face-off versus Chris Tierney in Carnivores zone.
15:19 of 3rd period - Snap shot by Blake Geoffrion.
15:19 of 3rd period - Deflect By Samuel Morin.
15:19 of 3rd period - Stopped by Connor Hellebyuk with a rebound.
15:21 of 3rd period - Snap shot by Scott Laughton.
15:21 of 3rd period - Shot Misses the Net.
16:54 of 3rd period - Backhand shot by Dalton Smith.
16:54 of 3rd period - Stopped by Niklas Svedberg without a rebound.
16:55 of 3rd period - Anton Gustafsson wins face-off versus James Wright in Carnivores zone.
17:04 of 3rd period - Slapshot by James Wright.
17:04 of 3rd period - Stopped by Niklas Svedberg with a rebound.
17:06 of 3rd period - Slapshot by Jimmy Hayes.
17:06 of 3rd period - Shot Misses the Net.
17:10 of 3rd period - Slapshot by Jimmy Hayes.
17:10 of 3rd period - Deflect By Dwight King.
17:10 of 3rd period - Shot Misses the Net.
17:10 of 3rd period - Puck is out of play.
17:11 of 3rd period - Markus Granlund wins face-off versus Michael Chaput in Carnivores zone.
17:11 of 3rd period - Markus Granlund is hit by Bobby Farnham.
17:19 of 3rd period - Snap shot by Jeremy Welsh.
17:19 of 3rd period - Shot Blocked by Bobby Farnham.
17:37 of 3rd period - James Wright is hit by Mat Clark and loses puck.
17:54 of 3rd period - Snap shot by Scott Laughton.
17:54 of 3rd period - Deflect By Blake Geoffrion.
17:54 of 3rd period - Shot Blocked by Colby Cohen.
17:54 of 3rd period - Puck is out of play.
17:55 of 3rd period - Chris Tierney wins face-off versus Scott Laughton in Atomiques zone.
18:06 of 3rd period - Slapshot by David Fischer.
18:06 of 3rd period - Deflect By Colby Cohen.
18:06 of 3rd period - Stopped by Connor Hellebyuk with a rebound.
18:08 of 3rd period - Slapshot by Tony DeAngelo.
18:08 of 3rd period - Deflect By Blake Geoffrion.
18:08 of 3rd period - Stopped by Connor Hellebyuk without a rebound.
18:09 of 3rd period - Michael Chaput wins face-off versus Curtis Lazar in Atomiques zone.
18:19 of 3rd period - Off-side.
18:20 of 3rd period - Curtis Lazar wins face-off versus Michael Chaput in neutral zone.
18:47 of 3rd period - Carnivores, Niklas Svedberg is pulled from the net.
18:53 of 3rd period - Slapshot by Anton Gustafsson.
18:53 of 3rd period - Shot Blocked by Dalton Smith.
18:55 of 3rd period - Slapshot by David Fischer.
18:55 of 3rd period - Shot Blocked by Travis Sanheim.
18:57 of 3rd period - Snap shot by Anton Gustafsson.
18:57 of 3rd period - Deflect By Blake Geoffrion.
18:57 of 3rd period - Stopped by Connor Hellebyuk with a rebound.
18:59 of 3rd period - Snap shot by Blake Geoffrion.
18:59 of 3rd period - Shot Misses the Net.
19:01 of 3rd period - Snap shot by Markus Granlund.
19:01 of 3rd period - Shot Misses the Net.
19:03 of 3rd period - Slapshot by Tony DeAngelo.
19:03 of 3rd period - Deflect By Markus Granlund.
19:03 of 3rd period - Shot Misses the Net.
19:03 of 3rd period - Puck is out of play.
19:04 of 3rd period - Wayne Gretzky call a timeout for Carnivores.
19:04 of 3rd period - Markus Granlund wins face-off versus James Wright in Atomiques zone.
19:05 of 3rd period - Slapshot by Blake Geoffrion.
19:05 of 3rd period - Shot Misses the Net.
19:51 of 3rd period - Snap shot by Markus Granlund.
19:51 of 3rd period - Deflect By Blake Geoffrion.
19:51 of 3rd period - Stopped by Connor Hellebyuk without a rebound.
19:52 of 3rd period - Markus Granlund wins face-off versus James Wright in Atomiques zone.
19:55 of 3rd period - Snap shot by Anton Gustafsson.
19:55 of 3rd period - Stopped by Connor Hellebyuk with a rebound.
19:57 of 3rd period - Snap shot by Anton Gustafsson.
19:57 of 3rd period - Shot Misses the Net.
19:59 of 3rd period - Snap shot by Markus Granlund.
19:59 of 3rd period - Shot Misses the Net.
Goals for this period are 1 for Carnivores vs 0 for Atomiques.
Shots for this period are 12 for Carnivores vs 8 for Atomiques.
Back to the Top